Map: Frost LE

Players

Fropez

  • Race: Protoss Protoss
  • League: Gold
  • Spawn Location: 11:00

DarkRanger - Winner!

  • Race: Protoss Protoss
  • League: Silver
  • Spawn Location: 1:00

VOD

Have the link to the VOD?

Description

Time

  • Played on: Nov. 7, 2016, 6:12 p.m.
  • Length: 8:48
Show
View Real Time Build Order
Export as new Build Order

Fropez Protoss 

Build Orders:  

Get SALT Encoding   

  12  0:03  Probe (Chrono Boost)  
  13  0:13  Probe (Chrono Boost)  
  14  0:19  Pylon  
  14  0:24  Probe (Chrono Boost)  
  15  0:30  Assimilator  
  15  0:37  Probe (Chrono Boost)  
  16  0:44  Gateway  
  16  0:52  Probe (Chrono Boost)  
  17  1:03  Probe (Chrono Boost)  
  18  1:14  Probe (Chrono Boost)  
  19  1:24  Probe (Chrono Boost)  
  20  1:27  Assimilator  
  20  1:35  Probe (Chrono Boost)  
  21  1:41  Cybernetics Core  
  21  1:45  Pylon, Probe (Chrono Boost)  
  22  1:50  Gateway  
  22  2:07  Probe (Chrono Boost)  
  23  2:12  Pylon  
  23  2:18  Probe (Chrono Boost)  
  24  2:23  Adept  
  24  2:29  Mothership Core (Chrono Boost)  
  28  2:51  Nexus  
  28  2:55  Gateway  
  28  2:58  Probe (Chrono Boost)  
  28  3:01  Warp Gate (Chrono Boost)  
  29  3:09  Pylon  
  29  3:16  Stalker  
  29  3:19  Probe  
  32  3:31  Probe  
  33  3:37  Stalker  
  35  3:46  Pylon  
  35  4:03  Stalker (Chrono Boost)  
  35  4:05  Probe  
  30  4:15  Stalker (Chrono Boost)  
  26  4:20  Stalker (Chrono Boost)  
  26  4:25  Probe  
  26  4:26  Probe  
  28  4:59  Stalker x2  
  32  5:34  Stalker x3  
  38  6:02  Stalker x3  
  32  6:38  Adept  
  32  6:39  Adept x2  
  34  6:40  Probe  
  34  6:41  Probe  
  34  6:51  Probe  
  34  6:54  Probe  
  36  7:05  Adept x3  
  36  7:15  Probe  
  36  7:17  Probe  
  38  7:25  Twilight Council  
  38  7:26  Probe  
  37  7:32  Gateway  
  31  7:39  Pylon  
  31  7:41  Pylon  
  31  7:45  Probe  
  31  7:46  Probe  
  33  7:55  Probe  
  34  8:09  Probe  
  35  8:14  Forge  
  35  8:16  Stalker  
  37  8:24  Stalker  
  39  8:32  Stalker  
Show
View Real Time Build Order
Export as new Build Order

DarkRanger Protoss - Winner!

Build Orders: Oracle Opening 

Get SALT Encoding   

  12  0:02  Probe (Chrono Boost)  
  13  0:13  Probe (Chrono Boost)  
  14  0:20  Pylon  
  15  0:28  Probe (Chrono Boost)  
  15  0:39  Probe (Chrono Boost)  
  15  0:40  Gateway  
  16  0:49  Probe (Chrono Boost)  
  17  1:00  Probe (Chrono Boost), Assimilator  
  18  1:06  Assimilator  
  18  1:11  Probe (Chrono Boost)  
  19  1:33  Cybernetics Core  
  19  1:34  Pylon  
  19  1:52  Probe (Chrono Boost)  
  20  2:03  Probe (Chrono Boost)  
  21  2:13  Probe (Chrono Boost)  
  22  2:26  Stargate  
  22  2:42  Nexus  
  22  2:47  Pylon  
  22  2:49  Pylon  
  22  3:06  Probe (Chrono Boost)  
  22  3:10  Oracle (Chrono Boost)  
  26  3:17  Probe  
  27  3:30  Mothership Core  
  29  3:35  Assimilator  
  29  3:43  Zealot  
  35  4:32  Robotics Facility  
  35  4:37  Probe, Stargate  
  36  4:50  Probe  
  32  5:02  Probe  
  33  5:19  Immortal (Chrono Boost)  
  33  5:20  Stalker  
  35  5:26  Void Ray (Chrono Boost)  
  38  5:49  Pylon  
  34  5:51  Pylon  
  34  5:52  Immortal  
  34  5:54  Pylon  
  35  6:32  Immortal  
  31  6:45  Void Ray (Chrono Boost)  
  35  6:50  Probe  
  36  6:54  Zealot  
  38  7:02  Probe  
  38  7:06  Immortal  
  39  7:14  Probe  
  40  7:22  Void Ray (Chrono Boost)  
  44  7:41  Immortal  
  44  7:49  Stalker  
  50  7:59  Void Ray (Chrono Boost)  
Tags
 
Matchup
PvP
Replay Pack
All Mines
Spawn Locations
Close Positions
Add a new tag
Caveats
  • Supply blocks, unpowered buildings, or Contaminate may cause inaccurate times.
  • Supply counts are checked every 10 seconds.